 Seeded DCSS version 0.29-a0-582-ge82337ba6a (webtiles) character file.

Game seed: 585938074022289478 (custom seed)

382 happo123 the Ruffian (level 6, -2/59 HPs)
             Began as a Troll Warper on June 14, 2022.
             Slain by a black bear (6 damage)
             ... on level 4 of the Dungeon.
             The game lasted 00:07:11 (3093 turns).

happo123 the Ruffian (Troll Warper)                 Turns: 3093, Time: 00:07:12

Health: -2/59      AC:  6    Str: 20    XL:     6   Next: 47%
Magic:  7/7        EV: 10    Int: 11    God:
Gold:   150        SH:  0    Dex:  9    Spells: 8/8 levels left

rFire   + . .      SeeInvis .     - Unarmed
rCold   . . .      Faith    .   (no shield)
rNeg    . . .      Spirit   .   p - +1 robe {rF+}
rPois   .          Reflect  .   (helmet restricted)
rElec   .          Harm     .   k - +0 cloak
rCorr   .          Rampage  .   (gloves unavailable)
Will    .....                   (boots unavailable)
Stlth   +.........              (no amulet)
HPRegen 0.99/turn               (no ring)
MPRegen 0.10/turn               (no ring)

@: no status effects
A: large, unfitting armour, claws 3, regeneration 1, shaggy fur 1, tough skin 1
a: no special abilities


You were on level 4 of the Dungeon.
You visited 1 branch of the dungeon, and saw 5 of its levels.

You collected 150 gold pieces.

Inventory:

Missiles
 c - 7 boomerangs of dispersal (quivered)
 l - 7 boomerangs
Armour
 a - a +0 robe
 k - a +0 cloak (worn)
 p - a +1 robe of fire resistance (worn)
Magical Staves
 m - a staff of fire
Scrolls
 b - a scroll of blinking
 f - 2 scrolls of vulnerability {unknown}
 h - 4 scrolls of identify {unknown}
 i - 2 scrolls of amnesia {unknown}
 j - a scroll of fear {unknown}
 s - a scroll of immolation {unknown}
Potions
 d - a potion of berserk rage {unknown}
 e - 2 potions of curing {unknown}
 g - a potion of invisibility {unknown}
 n - 2 potions of degeneration {unknown}
 o - a potion of cancellation {unknown}
 q - a potion of magic {unknown}
 r - a potion of brilliance {unknown}


   Skills:
 + Level 2.5 Fighting
 - Level 0.8 Throwing
 + Level 2.8 Dodging
 * Level 4.0 Unarmed Combat
 + Level 1.9 Spellcasting
 * Level 3.4 Translocations


You had 8 spell levels left.
You didn't know any spells.
Your spell library contained the following spells:

 Spells                   Type           Power      Damage    Failure   Level
 Blink                    Tloc           16%        N/A       11%         2
 Gell's Gravitas          Tloc           8%         N/A       22%         3
 Lesser Beckoning         Tloc           8%         N/A       22%         3
 Teleport Other           Tloc           8%         N/A       22%         3
 Ozocubu's Armour         Ice            1%         N/A       65%         3
 Manifold Assault         Tloc           8%         N/A       89%         5
 Ozocubu's Refrigeration  Ice            0%         4d5       100%        7


Dungeon Overview and Level Annotations

Branches:
Dungeon (5/15)             Temple (0/1) D:4

Altars:
Nemelex Xobeh


Innate Abilities, Weirdness & Mutations

You are too large for most types of armour.
You have claws for hands.
Your natural rate of healing is unusually fast.
You are covered in fur. (AC +1)
You have tough skin. (AC +1)


Message History

You scratch the black bear.
The black bear is lightly wounded.
The black bear bites you! The black bear claws you. x2
The hobgoblin hits you but does no damage.
You claw the black bear!
The black bear is severely wounded.
The black bear goes berserk!
The hobgoblin barely misses you.
You barely miss the black bear.
The black bear is severely wounded.
The black bear bites you. The black bear barely misses you.
The black bear claws you but does no damage.
The hobgoblin closely misses you.
You claw the black bear!
The black bear is almost dead.
The black bear barely misses you. The black bear claws you.
The black bear completely misses you. The hobgoblin closely misses you.
The black bear bites you! The black bear claws you.
* * * LOW HITPOINT WARNING * * *
The black bear barely misses you.
You closely miss the black bear.
The black bear is almost dead.
The black bear bites you but does no damage.
The black bear barely misses you. x2; The hobgoblin hits you.
* * * LOW HITPOINT WARNING * * *
You barely miss the black bear.
The black bear is almost dead.
The black bear bites you.
* * * LOW HITPOINT WARNING * * *
The black bear barely misses you. The black bear claws you.
* * * LOW HITPOINT WARNING * * *
You barely miss the black bear.
The black bear is almost dead.
The black bear barely misses you.
The black bear claws you but does no damage.
The black bear claws you.
* * * LOW HITPOINT WARNING * * *
The hobgoblin barely misses you. The black bear bites you.
* * * LOW HITPOINT WARNING * * *
The black bear claws you.
You die...

#############
#...........#
#.#.#.#.#.#.#
##...........#
...#.......#.#
.......g.....# ....
.#...@...#.# ......
.......h.....##.....
...#.......#.##....
..............#..#
#..#.#.#.#.#..#..##
#.................+
+.................#
.....#...#.......#
#############..##


You could see a black bear (berserk) and a hobgoblin.

Vanquished Creatures
  Sigmund (D:4)
  A necrophage (D:4)
  2 orc wizards
  2 adders (D:2)
  2 worms (D:2)
  2 dart slugs (D:1)
  8 orcs
  9 ball pythons
  4 endoplasms
  6 giant cockroaches
  6 goblins
  8 hobgoblins
  8 jackals (D:1)
  A quokka (D:2)
  4 bats
  5 frilled lizards (D:1)
  4 kobolds
  4 rats
77 creatures vanquished.

Notes
Turn   | Place    | Note
-------+----------+-------------------------------------------
     0 | D:1      | happo123 the Troll Warper began the quest for the Orb.
     0 | D:1      | Reached XP level 1. HP: 19/19 MP: 1/1
   198 | D:1      | Reached XP level 2. HP: 27/27 MP: 2/2
   364 | D:1      | Reached XP level 3. HP: 35/35 MP: 4/4
  1122 | D:2      | Reached XP level 4. HP: 40/42 MP: 5/5
  1146 | D:2      | Reached skill level 3 in Unarmed Combat
  2531 | D:3      | Found a faded altar of an unknown god.
  2683 | D:4      | Noticed a necrophage
  2691 | D:4      | Killed a necrophage
  2692 | D:4      | Reached XP level 5. HP: 32/49 MP: 6/6
  2724 | D:4      | Noticed Sigmund
  2788 | D:4      | Killed Sigmund
  2789 | D:4      | Reached skill level 4 in Unarmed Combat
  2789 | D:4      | Reached XP level 6. HP: 40/59 MP: 7/7
  3020 | D:4      | You fall into a shaft and drop 1 floor!
  3020 | D:5      | Entered Level 5 of the Dungeon
  3020 | D:5      | Found a sparkling altar of Nemelex Xobeh.
  3075 | D:4      | Found a staircase to the Ecumenical Temple.
  3093 | D:4      | Slain by a black bear

Illustrated notes

Levels and vault maps discovered:
D:1:      dpeg_arrival_rooms_a, layout_loops_cross, minmay_shallow_snake_nest
D:2:      layout_basic, ebering_dispersal_statue_hall, grunt_decor_arrowhead,
          grunt_ministairs_3
D:3:      layout_loops_ring, hellmonk_ecumenical_altar_leap_of_faith
D:4:      layout_gridville, lemuel_blue_sif_altar, vehumet_statue,
          minmay_temple_entry_glass, uniq_sigmund
D:5:      layout_loops_corners, nicolae_elyvilon_temple_path,
          amcnicky_altar_gilded, minmay_misc_feat_square,
          uniq_crazy_yiuf_cottage

Skill      XL: |  1  2  3  4  5 |
---------------+----------------+-----
Dodging        | 2 |  2.8
Fighting       | 2 |  2.5
Unarmed Combat | 3 4 |  4.0
Translocations | 3 |  3.4
Throwing       | |  0.8
Spellcasting   | |  1.9

Action                   |  1- 3 |  4- 6 || total
-------------------------+-------+-------++-------
Melee: Unarmed           |   143 |   142 ||   285
       Punch             |     2 |     2 ||     4
 Stab: Sleeping          |       |     1 ||     1
Armor: Robe              |    72 |    40 ||   112
Dodge: Dodged            |    86 |    69 ||   155

Table legend: (Time is in decaauts)
 A = Elapsed time spent in this place.
 B = Non-inter-level travel time spent in this place.
 C = Inter-level travel time spent in this place.
 D = Time resting spent in this place.
 E = Time spent auto-exploring this place.
 F = Levels seen in this place.
 G = Mean time per level.
                   A        B        C        D        E       F      G
               +--------+--------+--------+--------+--------+-----+--------+
         Total |   3077 |   2907 |    170 |     13 |   2334 |   5 |  615.4 |
       Dungeon |   3077 |   2907 |    170 |     13 |   2334 |   5 |  615.4 |
               +--------+--------+--------+--------+--------+-----+--------+

Top non-repeatable levels by time:
     D:2: 1289 daAuts
     D:1: 794 daAuts
     D:3: 602 daAuts
     D:4: 374 daAuts
     D:5: 15 daAuts
